 Dungeon Crawl Stone Soup version 0.24-a0-778-g74da537585 (webtiles) character file.

Game seed: 4669528561251238104, levelgen mode: deterministic

81 Kohma the Charmwright (level 4, -1/38 HPs)
             Began as a Gnoll Skald on Oct 7, 2019.
             Slain by a gnoll
             ... wielding a cursed -2 spear
              (8 damage)
             ... on level 2 of the Dungeon.
             The game lasted 00:03:28 (1027 turns).

Kohma the Charmwright (Gnoll Skald)                 Turns: 1027, Time: 00:03:28

Health: -1/38      AC:  5    Str: 14    XL:     4   Next: 42%
Magic:  3/11       EV: 12    Int: 16    God:
Gold:   89         SH:  4    Dex: 14    Spells: 2/13 levels left

rFire    . . .     SeeInvis .   a - +0 falchion
rCold    . . .     Gourm    .   g - +0 buckler
rNeg     . . .     Faith    .   j - +0 ring mail
rPois    .         Spirit   .   (no helmet)
rElec    .         Reflect  .   (no cloak)
rCorr    .         Harm     .   (no gloves)
MR       .....                  (no boots)
Stlth    +.........             (no amulet)
HPRegen  0.12/turn              (no ring)
MPRegen  0.12/turn              (no ring)

@: lethally poisoned (-1 -> -4), singing, very slightly contaminated
A: distributed training, fangs 1, strong nose
a: no special abilities


You were on level 2 of the Dungeon.
You were not hungry.

You visited 1 branch of the dungeon, and saw 2 of its levels.

You collected 89 gold pieces.

Inventory:

Hand Weapons
 a - a +0 falchion (weapon)
Armour
 b - a +0 leather armour
 g - a +0 buckler (worn)
 j - a +0 ring mail (worn)
 n - a +0 shield
Jewellery
 f - an uncursed ring of ice {unknown}
Scrolls
 i - a scroll of identify {unknown}
Potions
 e - 2 potions of haste {unknown}
 h - a potion of flight {unknown}
 k - a potion of mutation {unknown}
 l - a potion of magic {unknown}
 m - a potion of degeneration {unknown}
Comestibles
 c - 7 chunks of flesh
 d - 3 rations


   Skills:
 + Level 4.6 Fighting
 + Level 1.1 Short Blades
 + Level 4.6 Long Blades
 + Level 1.1 Axes
 + Level 1.1 Maces & Flails
 + Level 1.1 Polearms
 + Level 1.1 Staves
 + Level 1.1 Slings
 + Level 1.1 Bows
 + Level 1.1 Crossbows
 + Level 1.1 Throwing
 + Level 2.7 Armour
 + Level 4.6 Dodging
 + Level 1.1 Stealth
 + Level 1.1 Shields
 + Level 1.1 Unarmed Combat
 + Level 5.0 Spellcasting
 + Level 0.8 Conjurations
 + Level 0.8 Hexes
 + Level 5.4 Charms
 + Level 0.8 Summonings
 + Level 0.8 Necromancy
 + Level 0.8 Translocations
 + Level 0.8 Transmutations
 + Level 0.8 Fire Magic
 + Level 0.8 Ice Magic
 + Level 0.8 Air Magic
 + Level 0.8 Earth Magic
 + Level 0.8 Poison Magic
 + Level 1.2 Invocations
 + Level 1.1 Evocations


You had 2 spell levels left.
You knew the following spells:

 Your Spells              Type           Power        Failure   Level  Hunger
a - Infusion              Chrm           ###.         4%          1    None
b - Song of Slaying       Chrm           ###.....     7%          2    #......
c - Shroud of Golubria    Chrm/Tloc      ##....       19%         2    #......
d - Regeneration          Chrm/Necr      ##........   34%         3    ###....
e - Spectral Weapon       Hex/Chrm       ##......     34%         3    ###....

Your spell library contained the following spells:

 Spells                   Type           Power        Failure   Level  Hunger


Dungeon Overview and Level Annotations

Branches:
Dungeon (2/15)

Altars:


Innate Abilities, Weirdness & Mutations

Your experience applies equally to all skills.
You have very sharp teeth.
Your uncanny sense of smell can sniff out nearby items.


Message History

You riposte.
You hit the gnoll.
You kill the gnoll!
The gnoll hits you from afar with a cursed -2 spear.
Your shroud bends the gnoll's attack away.
You hit the gnoll.
The gnoll is heavily wounded.
You feel sick. The gnoll barely misses you. You block the gnoll's attack.
The gnoll closely misses you.
You riposte.
You hit the gnoll.
The gnoll is almost dead.
You completely miss the gnoll.
The gnoll is almost dead.
The gnoll closely misses you.
The gnoll hits you from afar with a cursed -2 spear.
* * * LOW HITPOINT WARNING * * *
You block the gnoll's attack. The gnoll completely misses you.
You hit the gnoll.
You kill the gnoll!
The gnoll barely misses you. The gnoll hits you but does no damage.
The gnoll hits you with a cursed -2 spear!
You die...

........# .....#..
.......... ........
........##.# ## .....##.
........# ....# ###.....
........##.#.### #####.
........#......#########.
........##.#.#.........##
.......g#..............##
.###...g@#.#.#.........##
##.###)..............##
#......#.#.#.........).
#.....(....<.........##
#......#.#.###########
#.................#
#......#.#.#......#
#.................#
#...(..#.#.#......+


You could see 2 gnolls.

Vanquished Creatures
  2 gnolls (D:2)
  An adder (D:2)
  An ooze (D:2)
  A dart slug (D:2)
  2 bats
  3 giant cockroaches (D:1)
  8 goblins
  7 hobgoblins
  4 jackals (D:2)
  A quokka (D:2)
  3 frilled lizards (D:1)
  5 kobolds
  4 rats (D:1)
42 creatures vanquished.

Notes
Turn   | Place    | Note
-------+----------+-------------------------------------------
     0 | D:1      | Kohma the Gnoll Skald began the quest for the Orb.
     0 | D:1      | Reached XP level 1. HP: 20/20 MP: 6/6
    71 | D:1      | Reached XP level 2. HP: 16/26 MP: 7/7
   210 | D:1      | Learned a level 2 spell: Song of Slaying
   227 | D:1      | Learned a level 2 spell: Shroud of Golubria
   620 | D:1      | Reached XP level 3. HP: 30/31 MP: 9/9
   725 | D:1      | Reached skill level 5 in Spellcasting
   926 | D:2      | Reached skill level 1 in Invocations
   950 | D:2      | Learned a level 3 spell: Regeneration
   954 | D:2      | Learned a level 3 spell: Spectral Weapon
   958 | D:2      | Reached skill level 1 in Short Blades
   958 | D:2      | Reached skill level 1 in Axes
   958 | D:2      | Reached skill level 1 in Maces & Flails
   958 | D:2      | Reached skill level 1 in Polearms
   958 | D:2      | Reached skill level 1 in Staves
   958 | D:2      | Reached skill level 1 in Slings
   958 | D:2      | Reached skill level 1 in Bows
   958 | D:2      | Reached skill level 1 in Crossbows
   958 | D:2      | Reached skill level 1 in Throwing
   958 | D:2      | Reached skill level 1 in Stealth
   958 | D:2      | Reached skill level 1 in Shields
   958 | D:2      | Reached skill level 1 in Unarmed Combat
   958 | D:2      | Reached skill level 1 in Evocations
   975 | D:2      | Reached XP level 4. HP: 23/38 MP: 11/11
  1027 | D:2      | Slain by a gnoll

Levels and vault maps discovered:
D:1:      dpeg_arrival_refuge, layout_basic, solitary_fountain
D:2:      layout_basic, first_ration, st_stairs_13

Skill      XL: |  1  2  3 |
---------------+----------+-----
Spellcasting   | 5 |  5.0
Invocations    | 1 |  1.2
Short Blades   | 1 |  1.1
Axes           | 1 |  1.1
Maces & Flails | 1 |  1.1
Polearms       | 1 |  1.1
Staves         | 1 |  1.1
Slings         | 1 |  1.1
Bows           | 1 |  1.1
Crossbows      | 1 |  1.1
Throwing       | 1 |  1.1
Stealth        | 1 |  1.1
Shields        | 1 |  1.1
Unarmed Combat | 1 |  1.1
Evocations     | 1 |  1.1
Fighting       | |  4.6
Long Blades    | |  4.6
Armour         | |  2.7
Dodging        | |  4.6
Conjurations   | |  0.8
Hexes          | |  0.8
Charms         | |  5.4
Summonings     | |  0.8
Necromancy     | |  0.8
Translocations | |  0.8
Transmutations | |  0.8
Fire Magic     | |  0.8
Ice Magic      | |  0.8
Air Magic      | |  0.8
Earth Magic    | |  0.8
Poison Magic   | |  0.8

Action                   |  1- 3 |  4- 6 || total
-------------------------+-------+-------++-------
Melee: Falchion          |   104 |    11 ||   115
       Bite              |     5 |     1 ||     6
 Cast: Song of Slaying   |     3 |     1 ||     4
       Shroud of Golubri |     2 |     1 ||     3
       Regeneration      |       |     1 ||     1
  Eat: Chunk             |     1 |       ||     1
Armor: Leather armour    |     7 |       ||     7
       Ring mail         |    18 |     8 ||    26
Dodge: Dodged            |    81 |    23 ||   104
Block: Buckler           |    10 |     8 ||    18
       Rpst.: Falchion   |    22 |     6 ||    28

Table legend:
 A = Non-vault XP
 B = Vault XP
 C = Vault XP percentage of total XP
 D = Non-vault monster count
 E = Vault monster count
 F = Vault count percentage of total count
                 A         B        C        D         E       F
            +---------+---------+-------+---------+---------+-------
      Total |     111 |       6 |   5.1 |      40 |       2 |   4.8
            +---------+---------+-------+---------+---------+-------
        D:1 |      38 |       0 |   0.0 |      24 |       0 |   0.0
        D:2 |      73 |       6 |   7.6 |      16 |       2 |  11.1
            +---------+---------+-------+---------+---------+-------
